 Dungeon Crawl Stone Soup version 0.25-a0-782-g655279ceaa (webtiles) character file.

Game seed: 4697913047183215274, levelgen mode: deterministic

1298 Flugslaktarn the Chopper (level 8, -7/70 HPs)
             Began as a Minotaur Fighter on Apr 16, 2020.
             Was a Believer of Makhleb.
             Mangled by a wight
             ... wielding a cursed +2 great sword
              (13 damage)
             ... on level 6 of the Dungeon.
             The game lasted 00:01:55 (3829 turns).

Flugslaktarn the Chopper (Minotaur Fighter)         Turns: 3829, Time: 00:01:56

Health: -7/70      AC:  8    Str: 23    XL:     8   Next: 31%
Magic:  9/9        EV:  7    Int:  5    God:    Makhleb [**....]
Gold:   198        SH: 10    Dex: 10    Spells: 7/7 levels left

rFire    . . .     SeeInvis .   a - +0 war axe
rCold    . . .     Gourm    .   c - +0 kite shield
rNeg     . . .     Faith    .   b - +0 scale mail
rPois    .         Spirit   .   (helmet restricted)
rElec    .         Reflect  .   t - +0 cloak
rCorr    .         Harm     .   (no gloves)
MR       .....                  (no boots)
Stlth    ..........             (no amulet)
HPRegen  0.21/turn              (no ring)
MPRegen  0.11/turn              (no ring)

@: heavily drained
A: retaliatory headbutt, horns 2
a: Minor Destruction, Renounce Religion


You were on level 6 of the Dungeon.
You worshipped Makhleb.
Makhleb was pleased with you.
You were not hungry.

You visited 1 branch of the dungeon, and saw 6 of its levels.

You collected 198 gold pieces.

Inventory:

Hand Weapons
 a - a +0 war axe (weapon)
Missiles
 s - 4 throwing nets (quivered)
Armour
 b - a +0 scale mail (worn)
 c - a +0 kite shield (worn)
 t - a +0 cloak (worn)
   (You found it on level 5 of the Dungeon)
Jewellery
 f - an uncursed ring of protection from fire
   (You took it off a gnoll on level 4 of the Dungeon)
 g - an uncursed ring of positive energy {unknown}
   (You found it on level 3 of the Dungeon)
 n - an uncursed ring of poison resistance {unknown}
   (You found it on level 1 of the Dungeon)
Wands
 q - a wand of clouds (3)
   (You found it on level 4 of the Dungeon)
 v - a wand of paralysis (7)
   (You found it on level 5 of the Dungeon)
Scrolls
 h - a scroll of teleportation {unknown}
 i - a scroll of amnesia {unknown}
 j - 2 scrolls of random uselessness {unknown}
 k - 2 scrolls of identify {unknown}
 o - a scroll of remove curse {unknown}
 r - 2 scrolls of fog {unknown}
 u - a scroll of enchant armour {unknown}
 w - a scroll of magic mapping {unknown}
 y - a scroll of noise {unknown}
 z - a scroll of blinking {unknown}
Potions
 d - a potion of might
 l - a potion of berserk rage {unknown}
 m - a potion of stabbing {unknown}
 p - a potion of haste {unknown}
 A - a potion of resistance {unknown}
Comestibles
 e - 9 rations
 x - 3 chunks of flesh


   Skills:
 + Level 6.2(5.0) Fighting
 * Level 7.5(6.2) Axes
 + Level 6.2(4.9) Armour
 + Level 6.1(4.8) Shields
 + Level 3.4(2.2) Invocations


You had 7 spell levels left.
You didn't know any spells.
Your spell library was empty.

Dungeon Overview and Level Annotations

Branches:
Dungeon (6/15)
 Temple: D:4-7

Altars:
Cheibriados
Dithmenos
Gozag
Makhleb
Sif Muna
Xom


Innate Abilities, Weirdness & Mutations

You reflexively headbutt those who attack you in melee.
You have a pair of horns on your head.


Message History

Your shield prevents you from hitting the wight.
You block the wight's attack. The wight hits you but does no damage.
You hit the wight but do no damage.
The wight is almost destroyed.
Your shield and scale mail prevent you from hitting the wight.
The wight hits you with a +0 falchion.
* * * LOW HITPOINT WARNING * * *
You block the wight's attack.
You closely miss the wight. Your headbutt misses the wight.
The wight is almost destroyed.
You hit the wight. You block the wight's attack.
The wight hits you with a cursed +2 great sword!
* * * LOW HITPOINT WARNING * * *
You feel drained.
* * * LOW HITPOINT WARNING * * *
You hit the wight.
The wight is severely damaged.
You hit the wight but do no damage. You block the wight's attack.
The wight hits you with a cursed +2 great sword!
You die...

.....####...#
.#...####..#####.
.#.#.............
.##..####..######
......# #..#
.####.# #[.# .#
#.# #..####### .#
#.# #....)).z# .#
#.# #..#####@#
.####.###..# #z#
.....>.....# #.#
#####.###.## #..
#####.# #.# ###
......# #.#
##.#### #.#
.#####.#####
#........##


You could see 2 wights.

Vanquished Creatures
  Duvessa (D:4)
  2 ogres
  Blork the orc (D:4)
  Dowan (D:4)
  2 wights (D:6)
  A howler monkey (D:4)
  2 bullfrog zombies (D:6)
  3 gnoll shamans
  A centaur zombie (D:6)
  An iguana (D:6)
  3 worker ants
  A hound skeleton (D:4)
  47 gnolls
  A howler monkey skeleton (D:6)
  An ooze (D:1)
  A worm (D:2)
  2 orcs
  A giant cockroach (D:6)
  A hobgoblin (D:3)
  14 jackals (D:4)
  A kobold (D:2)
  2 quokkas
  A quokka zombie (D:5)
  2 rats
  A plant (D:4)
94 creatures vanquished.

Vanquished Creatures (others)
  A bat (D:1)
1 creature vanquished.

Grand Total: 95 creatures vanquished

Notes
Turn   | Place    | Note
-------+----------+-------------------------------------------
     0 | D:1      | Flugslaktarn the Minotaur Fighter began the quest for the
                  | Orb.
     0 | D:1      | Reached XP level 1. HP: 19/19 MP: 0/0
    75 | D:2      | Reached XP level 2. HP: 27/27 MP: 1/1
   110 | D:4      | Found a burning altar of Makhleb.
   171 | D:4      | Found an opulent altar of Gozag.
   180 | D:4      | Reached skill level 3 in Axes
   180 | D:4      | Reached XP level 3. HP: 27/33 MP: 2/2
   309 | D:4      | Reached XP level 4. HP: 27/40 MP: 3/3
   405 | D:4      | Became a worshipper of Makhleb the Destroyer
   432 | D:4      | Reached skill level 4 in Axes
   451 | D:4      | Noticed Blork the orc
   458 | D:4      | Killed Blork the orc
   458 | D:4      | Reached skill level 1 in Invocations
   458 | D:4      | Reached XP level 5. HP: 28/47 MP: 4/4
   672 | D:4      | Found a shimmering blue altar of Sif Muna.
   765 | D:4      | Noticed Dowan
   765 | D:4      | Noticed Duvessa
   793 | D:4      | Killed Duvessa
   793 | D:4      | Reached skill level 5 in Axes
   793 | D:4      | Reached XP level 6. HP: 25/55 MP: 4/6
   801 | D:4      | Killed Dowan
  1100 | D:4      | Reached skill level 5 in Fighting
  1128 | D:4      | Reached skill level 5 in Armour
  1149 | D:4      | Reached skill level 5 in Shields
  1168 | D:4      | Reached * piety under Makhleb
  1442 | D:4      | Reached XP level 7. HP: 61/61 MP: 7/7
  1593 | D:4      | Reached skill level 6 in Axes
  1950 | D:4      | Reached ** piety under Makhleb
  2417 | D:5      | Entered Level 5 of the Dungeon
  2460 | D:5      | Found a shimmering altar of Xom.
  3372 | D:6      | Reached skill level 7 in Axes
  3372 | D:6      | Reached XP level 8. HP: 59/70 MP: 9/9
  3464 | D:6      | Found a shadowy altar of Dithmenos.
  3743 | D:6      | Found a snail-covered altar of Cheibriados.
  3829 | D:6      | Mangled by a wight

Levels and vault maps discovered:
D:1:      scummos_arrival_simple_crosswalls, layout_loops_ring,
          lemuel_old_faithful
D:2:      layout_basic, minmay_misc_feat_iff
D:3:      layout_rooms, serial_bayou_lagoon_a
D:4:      lemuel_castle_with_subvaults [lemuel_castle_interior_original],
          layout_basic, overflow_temple_1_default, nicolae_gozag_seed_capital,
          old_standard_altar, uniq_duvessa, uniq_blork_the_orc
D:5:      layout_layer_cave, old_standard_altar, first_ration
D:6:      layout_loops_ring, lemuel_round_altar, nicolae_overflow_crystal_walls,
          basic_altar, trog_ov_bears_minmay

Skill      XL: |  1  2  3  4  5  6  7  8 |
---------------+-------------------------+-----
Fighting       | 4 5 6 |  6.2
Axes           | 3 4 5 7 |  7.5
Armour         | 4 5 6 |  6.2
Shields        | 4 5 6 |  6.1
Invocations    | 1 2 3 |  3.4

Action                   |  1- 3 |  4- 6 |  7- 9 || total
-------------------------+-------+-------+-------++-------
Melee: War axe           |    16 |   122 |   158 ||   296
       Headbutt          |     3 |    26 |    39 ||    68
Evoke: Wand              |       |     1 |       ||     1
  Eat: Chunk             |       |     2 |     5 ||     7
       Ration            |       |       |     1 ||     1
Armor: Scale mail        |     1 |    34 |    42 ||    77
Dodge: Dodged            |     2 |    27 |    47 ||    76
Block: Kite shield       |     5 |    54 |    99 ||   158

Table legend:
 A = Non-vault XP
 B = Vault XP
 C = Vault XP percentage of total XP
 D = Non-vault monster count
 E = Vault monster count
 F = Vault count percentage of total count
                 A         B        C        D         E       F
            +---------+---------+-------+---------+---------+-------
      Total |     697 |    1158 |  62.4 |      29 |      64 |  68.8
            +---------+---------+-------+---------+---------+-------
        D:1 |       7 |       0 |   0.0 |       2 |       0 |   0.0
        D:2 |       7 |       0 |   0.0 |       2 |       0 |   0.0
        D:3 |       3 |       0 |   0.0 |       2 |       0 |   0.0
        D:4 |     145 |    1158 |  88.9 |       6 |      64 |  91.4
        D:5 |       6 |       0 |   0.0 |       3 |       0 |   0.0
        D:6 |     529 |       0 |   0.0 |      14 |       0 |   0.0
            +---------+---------+-------+---------+---------+-------
